 Dungeon Crawl Stone Soup version 0.17-a0-1996-gd2c0ec8 (webtiles) character file.

72 SlimeFever the Ruffian (level 4, -5/35 HPs)
             Began as a Draconian Transmuter on Oct 7, 2015.
             Slain by an orc
             ... wielding a +0 club
              (8 damage)
             ... on level 3 of the Dungeon.
             The game lasted 00:17:53 (2086 turns).

SlimeFever the Ruffian (Draconian Transmuter)       Turns: 2086, Time: 00:17:54

Health: -5/35      AC:  5    Str: 12    XL:     4   Next: 6%
Magic:  4/7        EV: 12    Int: 15    God:
Gold:   83         SH:  0    Dex: 11    Spells: 2 memorised, 4 levels left

rFire  + . .     SeeInvis .       - Unarmed
rCold  x . .     Clarity  .     (armour unavailable)
rNeg   + . .     SustAt   .     (no shield)
rPois  .         Gourm    .     (helmet restricted)
rElec  .         Spirit   .     (no cloak)
rCorr  .         Warding  .     (no gloves)
rMut   .         Stasis   .     (no boots)
MR     .....                    (no amulet)
Stlth  +.........               h - ring of fire
                                f - ring of positive energy

@: slowed, drained, invisible, very slow, not resistant to hostile enchantments,
very unstealthy
A: unfitting armour, cold-blooded, AC +5
a: no special abilities


You were on level 3 of the Dungeon.
You were not hungry.

You visited 1 branch of the dungeon, and saw 3 of its levels.

You collected 83 gold pieces.

Inventory:

Hand Weapons
 g - a +4 whip of draining
 j - a +1 dagger of venom
Missiles
 a - 10 arrows
 e - 18 sling bullets
 n - 2 poisoned needles
Jewellery
 f - a ring of positive energy (left hand)
 h - a ring of fire (right hand)
Scrolls
 k - a scroll of identify
 o - a scroll of enchant armour
Potions
 d - a potion of invisibility
 m - a potion of flight
Books
 b - a book of Changes

   Spells                             Type                      Level
   a - Beastly Appendage              Transmutation                1
   b - Sticks to Snakes               Transmutation                2
   c - Spider Form                    Transmutation/Poison         3
   d - Ice Form                       Ice/Transmutation            4
   e - Blade Hands                    Transmutation                5
 i - a book of Dreams

   Spells                             Type                      Level
   a - Ensorcelled Hibernation        Hexes/Ice                    2
   b - Phase Shift                    Translocation                5
   c - Shadow Creatures               Summoning                    5
   d - Silence                        Hexes/Air                    5
   e - Darkness                       Hexes                        6
   f - Mass Confusion                 Hexes                        6
Comestibles
 c - a beef jerky
 l - a bread ration


   Skills:
 + Level 1.2(0.9) Fighting
 + Level 2.2(2.0) Dodging
 + Level 1.1(0.8) Stealth
 * Level 3.8(3.5) Unarmed Combat
 + Level 2.3(2.0) Spellcasting
 * Level 2.5(2.2) Transmutations


You had 4 spell levels left.
You knew the following spells:

 Your Spells              Type           Power        Failure   Level  Hunger
a - Beastly Appendage     Trmt           #.....       12%         1    #......
b - Sticks to Snakes      Trmt           #.........   14%         2    ###....


Dungeon Overview and Level Annotations

Branches:
Dungeon (3/15)

Altars:


Innate Abilities, Weirdness & Mutations

Your plain brown scales are hard (AC +5).
Your body does not fit into most forms of armour.
You are cold-blooded and may be slowed by cold attacks.


Message History

The orc barely misses you. The orc wizard casts a spell at you.
You feel as though you will be slow longer.
The orc closely misses you.
You hit the orc wizard but do no damage.
The orc wizard is moderately wounded.
The orc wizard hits you with a dagger. The orc hits you but does no damage.
The orc wizard hits you but does no damage.
You barely miss the orc wizard.
The orc wizard is moderately wounded.
The orc wizard barely misses you. The orc closely misses you.
The orc wizard casts a spell at you. The magic dart hits you!
* * * LOW HITPOINT WARNING * * *
You fade into invisibility!
The orc wizard barely misses you. The orc barely misses you.
The orc wizard gestures at you while chanting.
You feel as though you will be slow longer.
The orc hits you with a club!
You die...

...........?....
.....#...#.#.#.#
#........#.#.#.# # ...<
#.#.#.#.#.#### #. #..#
#.......#..... #.. #..
#.#.#.#.#..... #... #.#
#.#.#.#.#.....
#....#.####.#...........
#..o@........#.#....#
#..†o........#......#
#...........##.......
#...........###...###
########.########.##.
............##.
....#.###.#.##.
#.#.#.###......
.#.......##.


You could see an orc wizard and an orc.

Vanquished Creatures
  3 adders
  4 giant geckos
  2 orcs (D:3)
  A ball python (D:2)
  2 giant cockroaches
  3 goblins
  4 hobgoblins
  4 jackals (D:1)
  5 bats
  A giant newt (D:2)
  2 kobolds (D:1)
  6 rats
37 creatures vanquished.

Vanquished Creatures (collateral kills)
  An orc (D:3)
1 creature vanquished.

Grand Total: 38 creatures vanquished

Notes
Turn   | Place    | Note
--------------------------------------------------------------
     0 | D:1      | SlimeFever the Draconian Transmuter began the quest for the Orb.
     0 | D:1      | Reached XP level 1. HP: 16/16 MP: 3/3
   270 | D:1      | Reached XP level 2. HP: 11/23 MP: 5/5
   845 | D:1      | Learned a level 2 spell: Sticks to Snakes
  1378 | D:2      | Reached XP level 3. HP: 26/28 MP: 6/6
  1835 | D:3      | Reached skill level 1 in Stealth
  1852 | D:3      | Reached XP level 4. HP: 15/35 MP: 5/7
  2086 | D:3      | Slain by an orc

Vault maps used:
D:1:      matt_arrival_los_fun

Action                   |  1- 3 |  4- 6 || total
-------------------------+-------+-------++-------
Melee: Unarmed           |   135 |    10 ||   145
 Cast: Beastly Appendage |    15 |     1 ||    16
       Sticks to Snakes  |       |     2 ||     2
  Use: Scroll            |     8 |       ||     8
       Potion            |       |     1 ||     1
 Stab: Sleeping          |     3 |       ||     3
  Eat: Bread ration      |     1 |       ||     1
